 Dungeon Crawl Stone Soup version 0.31.0-12-g77e489cdc1 (webtiles) character file.

Game seed: 17012438505043353983

102 Edyrem the Trooper (level 4, -2/57 HPs)
             Began as a Merfolk Berserker on Feb 27, 2024.
             Was a Believer of Trog.
             Slain by Terence
             ... wielding a +0 hand axe
              (9 damage)
             ... on level 3 of the Dungeon.
             The game lasted 00:04:04 (2110 turns).

Edyrem the Trooper (Merfolk Berserker)              Turns: 2110, Time: 00:04:04

Health: -2/57      AC:  5    Str: 19    XL:     4   Next: 78%
Magic:  4/4        EV: 13    Int: 12    God:    Trog [**....]
Gold:   174        SH:  0    Dex: 13    Spells: 3/3 levels left

rFire   . . .        a - +4 quarterstaff (chaos)
rCold   . . .        (shield currently unavailable)
rNeg    . . .        d - +0 leather armour
rPois   .            (no helmet)
rElec   .            m - +0 cloak
rCorr   +            p - +0 pair of gloves
SInv    .            (no boots)
Will    .....        (no amulet) Stlth
                     q - ring of resist corrosion
HPRegen 0.29/turn    c - +6 ring of intelligence
MPRegen 0.09/turn

%: no passive effects
@: berserking, very quick
A: (nimble swimmer 2), mertail
a: Renounce Religion, Berserk, Trog's Hand


You were on level 3 of the Dungeon.
You worshipped Trog.
Trog was pleased with you.
You visited 1 branch of the dungeon, and saw 3 of its levels.

You collected 174 gold pieces.

Inventory:

Hand Weapons
 a - a +4 quarterstaff of chaos (weapon)
 b - a +0 war axe
Armour
 d - a +0 leather armour (worn)
 m - a +0 cloak (worn)
 p - a +0 pair of gloves (worn)
Jewellery
 c - a +6 ring of intelligence (right hand)
 f - a ring of magical power
 q - a ring of resist corrosion (left hand)
Scrolls
 i - 2 scrolls of enchant weapon {unknown}
 k - a scroll of teleportation {unknown}
 l - 2 scrolls of identify {unknown}
 o - a scroll of enchant armour {unknown}
Potions
 e - 4 potions of resistance {unknown}
 g - a potion of cancellation {unknown}
 h - a potion of berserk rage {unknown}
 j - a potion of mutation {unknown}
 n - a potion of might {unknown}
 r - a potion of curing {unknown}


   Skills:
 + Level 4.3 Fighting
 - Level 1.3 Armour
 + Level 4.2 Dodging
 + Level 4.3 Unarmed Combat


You had 3 spell levels left.
You didn't know any spells.
Your spell library was empty.

Dungeon Overview and Level Annotations

Branches:
Dungeon (3/15)

Altars:

Shops:
D:1 ?[(:

Annotations:
D:3 3 runed translucent doors, OlivierBoivin's ghost, amateur AtAr; Terence


Innate Abilities, Weirdness & Mutations

((You are very nimble when in or above water. (Stealth+, EV+, Speed+++)))
Your lower body shifts to a powerful aquatic tail in water.


Message History

Terence completely misses you.
You hit Terence but do no damage.
Terence is lightly wounded.
Terence hits you with a +0 hand axe.
You hit Terence but do no damage.
Terence is lightly wounded.
Terence closely misses you. Terence misses you.
You hit Terence.
Terence is moderately wounded.
Terence hits you with a +0 hand axe!
You hit Terence but do no damage.
Terence seems to grow stronger.
Terence is moderately wounded.
Terence hits you with a +0 hand axe!
* * * LOW HITPOINT WARNING * * *
You closely miss Terence.
Terence is moderately wounded.
Terence hits you with a +0 hand axe.
* * * LOW HITPOINT WARNING * * *
You closely miss Terence.
Terence is moderately wounded.
Terence misses you. Terence hits you with a +0 hand axe.
* * * LOW HITPOINT WARNING * * *
A red film seems to cover your vision as you go berserk!
You feel yourself moving faster!
You feel mighty! Terence looks scornfully at you.
Terence hits you with a +0 hand axe.
* * * LOW HITPOINT WARNING * * *
You closely miss Terence.
Terence is moderately wounded.
Terence closely misses you.
You barely miss Terence.
Terence is moderately wounded.
You closely miss Terence.
Terence is moderately wounded.
Terence barely misses you.
You barely miss Terence.
Terence is moderately wounded.
Terence hits you with a +0 hand axe!
You die...
Terence says, "Time to find some more victims."

..# ### # ... ######
###'... .....# ###...#
####.# ########.....#
#.# #...@@...####'...
####.########.####.###
. ..##.##.......####.#
#.##.##.###.....##.#
..<..##.###.#.#.....
#.#####............#
...†..#####.########
#.###.# #.# #.# #.#
#.#


You could see Terence (strong).

Vanquished Creatures
  Crazy Yiuf (D:2)
  3 adders (D:2)
  7 ball pythons
  5 endoplasms
  3 giant cockroaches
  3 goblins
  3 hobgoblins
  2 quokkas
  7 bats
  A frilled lizard (D:1)
  6 kobolds
  7 rats
48 creatures vanquished.

Notes
Turn   | Place    | Note
-------+----------+-------------------------------------------
     0 | D:1      | Edyrem the Merfolk Berserker began the quest for the Orb.
     0 | D:1      | Reached XP level 1. HP: 18/18 MP: 1/1
    55 | D:1      | Found Cyf Aps's Antique Weapon Emporium.
    55 | D:1      | Found Rixoc's Book Emporium.
    70 | D:1      | Found Kuxticem's Armour Shop.
   119 | D:1      | Found Dicirghe's Magic Scroll Boutique.
   142 | D:1      | Reached XP level 2. HP: 24/24 MP: 2/2
   297 | D:1      | You fall into a shaft and drop 1 floor!
   334 | D:2      | Found a faded altar of an unknown god.
   734 | D:2      | Reached XP level 3. HP: 30/30 MP: 3/3
   799 | D:2      | Reached ** piety under Trog
  1147 | D:2      | Reached XP level 4. HP: 37/37 MP: 4/4
  1159 | D:2      | Found a runed translucent door.
  1160 | D:2      | Noticed Crazy Yiuf
  1170 | D:2      | Killed Crazy Yiuf
  1615 | D:3      | Noticed OlivierBoivin's ghost (amateur AtAr)
  1620 | D:3      | Found a runed translucent gate.
  1620 | D:3      | Found a runed translucent gate.
  1620 | D:3      | Found a runed translucent gate.
  2085 | D:3      | Noticed Terence
  2110 | D:3      | Slain by Terence

Illustrated notes

Levels and vault maps discovered:
D:1:      sevenhm_arrival_forest_fort_large_4, layout_rooms, serial_shops,
          nicolae_square_shop, shop, shop, nicolae_shop_crystal
D:2:      layout_basic, ebering_ecumenical_altar_box, uniq_crazy_yiuf_cottage
D:3:      layout_loops_corners, mainiacjoe_overflow_two_lobes,
          gammafunk_ghost_split, uniq_terence

Skill      XL: |  1  2  3  4 |
---------------+-------------+-----
Dodging        | 3 4 |  4.2
Unarmed Combat | 4 |  4.3
Fighting       | 4 |  4.3
Armour         | |  1.3

Action                     |  1- 3 |  4- 6 || total
---------------------------+-------+-------++-------
  Melee: Unarmed           |    82 |     4 ||    86
         Punch             |     4 |       ||     4
         Quarterstaff      |       |    47 ||    47
 Invoke: Berserk           |       |     2 ||     2
   Stab: Sleeping          |     1 |       ||     1
 Armour: Leather armour    |    33 |    29 ||    62
         Animal skin       |     6 |       ||     6
  Dodge: Dodged            |    47 |    42 ||    89
